 Dungeon Crawl Stone Soup version 0.28.0-47-ge53b351184 (webtiles) character file.

Game seed: 1308030148462387206

3818 DildoBatman the Covered (level 10, -5/74 HPs)
             Began as a Formicid Conjurer on Apr 27, 2022.
             Slain by Harold
             ... wielding a +3 vorpal long sword
              (23 damage)
             ... on level 8 of the Dungeon.
             The game lasted 00:24:57 (10468 turns).

DildoBatman the Covered (Formicid Conjurer)        Turns: 10468, Time: 00:24:57

Health: -5/74      AC: 10    Str: 18    XL:     10   Next: 40%
Magic:  20/20      EV:  7    Int: 22    God:
Gold:   364        SH:  0    Dex: 13    Spells: 20/23 levels left

rFire   . . .      SeeInvis +   a - +6 longbow of Honour {venom, rC+ Will+}
rCold   + . .      Faith    .   (no shield)
rNeg    . . .      Spirit   .   G - +0 steam dragon scales
rPois   .          Reflect  .   (helmet unavailable)
rElec   +          Harm     .   (no cloak)
rCorr   .          Rampage  .   (no gloves)
Will    +....                   (no boots)
Stlth   +++.......              (no amulet)
HPRegen 0.22/turn               y - +4 ring of protection
MPRegen 0.17/turn               w - ring "Epimnuegg" {rElec Will- Str+6 Int+4 Stlth+}

@: marked, held
A: permanent stasis, dig shafts and tunnels, antennae 3, four strong arms
a: Dig, Shaft Self


You were on level 8 of the Dungeon.
You visited 2 branches of the dungeon, and saw 9 of its levels.

You collected 364 gold pieces.

Inventory:

Hand Weapons
 a - the +6 longbow of Honour (weapon) {venom, rC+ Will+}
   (You acquired it on level 7 of the Dungeon)

   Any ammunition fired from it poisons the flesh of those it strikes.
   rC:        It protects you from cold.
   Will:      It increases your willpower.
 b - a +2 scimitar of chaos
Missiles
 c - 185 stones
 j - 62 arrows (quivered ammo)
 m - 44 bolts
 n - 2 curare-tipped darts
 q - 20 poisoned darts
Armour
 d - +0 acid dragon scales
 h - a +0 tower shield
 l - an orb of guile
 F - a +0 robe of resistance
 G - +0 steam dragon scales (worn)
Jewellery
 u - a ring of protection from cold
 w - the ring "Epimnuegg" (right hand) {rElec Will- Str+6 Int+4 Stlth+}
   (You found it on level 5 of the Dungeon)

   [ring of strength]

   Str:       It affects your strength (+6).
   Int:       It affects your intelligence (+4).
   rElec:     It insulates you from electricity.
   Will:      It decreases your willpower.
   Stlth:     It makes you more stealthy.
 y - a +4 ring of protection (left hand)
Wands
 i - a wand of iceblast (5)
 o - a wand of flame (14)
 B - a wand of paralysis (9)
Scrolls
 e - a scroll of amnesia
 f - 2 scrolls of fear
 s - a scroll of enchant armour
 v - a scroll of holy word
 D - 2 scrolls of immolation
Potions
 g - 4 potions of brilliance {unknown}
 k - 2 potions of resistance {unknown}
 p - a potion of degeneration {unknown}
 r - 2 potions of flight {unknown}
 t - 3 potions of heal wounds {unknown}
 x - 2 potions of mutation {unknown}
 z - a potion of lignification {unknown}
 A - 2 potions of curing {unknown}
 C - 2 potions of magic {unknown}
 E - 3 potions of haste {unknown}


   Skills:
 - Level 5.0 Fighting
 * Level 7.6 Armour
 * Level 5.6 Dodging
 - Level 2.4 Stealth
 * Level 6.1 Shields
 - Level 7.0 Spellcasting
 - Level 6.0 Conjurations


You had 20 spell levels left.
You knew the following spells:

 Your Spells              Type           Power      Damage    Failure   Level
a - Searing Ray           Conj           68%        2d6       1%          2
c - Magic Dart            Conj           100%       1d8       1%          1

Your spell library contained the following spells:

 Spells                   Type           Power      Damage    Failure   Level
 Static Discharge         Conj/Air       20%        N/A       3%          2
 Dazzling Flash           Conj/Hex       40%        N/A       7%          3
 Summon Guardian Golem    Hex/Summ       7%         N/A       24%         3
 Fulminant Prism          Conj/Hex       10%        3d9       24%         4
 Iskenderun's Mystic Bla  Conj/Tloc      20%        2d6       24%         4
 Sticky Flame             Conj/Fire      20%        2d4       24%         4
 Dispel Undead            Necr           7%         3d8       63%         4
 Summon Lightning Spire   Summ/Air       7%         N/A       63%         4
 Orb of Destruction       Conj           17%        9d7       99%         7
 Spellforged Servitor     Conj/Summ      10%        N/A       100%        7
 Storm Form               Tmut/Air       3%         N/A       100%        7
 Maxwell's Capacitive Co  Air            3%         ∞         100%        8


Dungeon Overview and Level Annotations

Branches:
Dungeon (8/15)             Temple (1/1) D:4            Lair (0/6) D:8

Altars:
Ashenzari
Cheibriados
Dithmenos
Elyvilon
Fedhas
Gozag
Hepliaklqana
Makhleb
Nemelex Xobeh
Okawaru
Qazlal
Ru
Sif Muna
Trog
Uskayaw
Vehumet
Wu Jian
Xom
Yredelemnul
Zin
The Shining One

Annotations:
D:3 Grinder
D:4 exclusion: ice beast, Blork the orc, Edmund
D:5 exclusions: iguana, 2 ogres, orc warrior and 1 more exclusion
D:6 1 exclusion
D:7 2 transporters, exclusion: oklob plant, Ablot's ghost, novice GnCK
D:8 exclusion: orc, Erica; Harold


Innate Abilities, Weirdness & Mutations

You cannot be hasted, slowed, berserked, paralysed or teleported.
You can dig through walls and to a lower floor.
You have a pair of large antennae on your head. (SInv)
Your four strong arms can wield two-handed weapons with a shield.


Message History

You barely resist.
The gargoyle hits you but does no damage.
What are your orders? t - Shout!
Orders for allies: a - Attack new target. r - Retreat! s - Stop attacking. g - Guard the area. f - Follow me.
Anything else - Cancel.
You shout for attention!
The gargoyle hits you with a +0 mace! What are your orders? t - Shout!
Orders for allies: a - Attack new target. r - Retreat! s - Stop attacking. g - Guard the area. f - Follow me.
Anything else - Cancel.
You shout for attention!
Erica barely misses you. The gargoyle barely misses you.
What are your orders? t - Shout!
Orders for allies: a - Attack new target. r - Retreat! s - Stop attacking. g - Guard the area. f - Follow me.
Anything else - Cancel.
You shout for attention!
Erica barely misses you. The gargoyle hits you with a +0 mace.
What are your orders? t - Shout!
Orders for allies: a - Attack new target. r - Retreat! s - Stop attacking. g - Guard the area. f - Follow me.
Anything else - Cancel.
You shout for attention!
Erica casts a spell at you.
Your stasis prevents you from being slowed.
Harold says, "Let's make it quick, okay?
I've got mouths to feed."
Harold hits you with a +3 vorpal long sword!!
You die...

#.#.#.#.....#......
#.#.#.#.##..#.##'##
#.#.#.#..........## #
#.#......####.#####
#.#..................
#.#.......P...##.####
#..♣.............
####+...@..........#####
......@@♣..............†
###.....9..♣........####
#.........>..♣....# {
#.#.P♣............
####.#..............
....#..$...........
#......P..........
####.....#.....♣.....
#..........P.


You could see Harold, Erica and a gargoyle.

Vanquished Creatures
  Maggie (D:8)
  3 wyverns (D:8)
  A steam dragon (D:6)
  4 yaks (D:8)
  5 water moccasins
  An ice beast (D:8)
  2 hornet zombies (D:8)
  A necrophage (D:6)
  2 centaurs
  2 kobold brigands (D:8)
  4 bullfrogs
  8 wights
  3 howler monkeys (D:7)
  A bullfrog zombie (D:7)
  2 centaur zombies
  A jelly (D:4)
  A centaur skeleton (D:7)
  4 hounds
  2 iguanas (D:6)
  2 orc wizards (D:7)
  A killer bee zombie (D:5)
  A hound zombie (D:5)
  A howler monkey zombie (D:7)
  5 adders
  A howler monkey skeleton (D:5)
  2 shadow imps
  A white imp (D:6)
  2 ufetubi
  An adder skeleton (D:4)
  4 dart slugs
  10 orcs
  9 bats
  5 endoplasms
  A giant cockroach (D:1)
  13 goblins
  4 hobgoblins
  2 jackals (D:3)
  7 quokkas
  9 ball pythons
  5 frilled lizards
  17 kobolds
  3 rats (D:1)
154 creatures vanquished.

Vanquished Creatures (others)
  4 fungi (D:8)
  26 plants (D:8)
  2 withered plants (D:8)
32 creatures vanquished.

Grand Total: 186 creatures vanquished

Notes
Turn   | Place    | Note
-------+----------+-------------------------------------------
     0 | D:1      | DildoBatman the Formicid Conjurer began the quest for the
                  | Orb.
     0 | D:1      | Reached XP level 1. HP: 13/13 MP: 3/3
   610 | D:1      | Reached XP level 2. HP: 19/19 MP: 0/5
   613 | D:1      | Learned a level 2 spell: Searing Ray
   847 | D:1      | Found a faded altar of an unknown god.
   946 | D:1      | Reached XP level 3. HP: 19/24 MP: 0/6
  1380 | D:2      | Reached XP level 4. HP: 18/30 MP: 1/7
  1537 | D:1      | Prayed at the altar of an unknown god.
  1537 | D:1      | Became a worshipper of Hepliaklqana the Forgotten
  1537 | D:1      | Reached * piety under Hepliaklqana
  1590 | D:2      | Fell from the grace of Hepliaklqana
  2131 | D:2      | Found a bloodstained altar of Trog.
  2513 | D:3      | Noticed Grinder
  2524 | D:3      | You fall into a shaft and drop 2 floors!
  2524 | D:5      | Entered Level 5 of the Dungeon
  2748 | D:5      | Noticed Edmund
  2949 | D:4      | Noticed an ice beast
  3345 | D:3      | Found a stormy altar of Qazlal.
  3679 | D:3      | Found an iron altar of Okawaru.
  3897 | D:4      | Was forgiven by Hepliaklqana
  3897 | D:4      | Reached skill level 5 in Conjurations
  4010 | D:4      | Reached XP level 5. HP: 30/35 MP: 0/8
  4129 | D:4      | Noticed Blork the orc
  4357 | D:4      | Found a staircase to the Ecumenical Temple.
  4396 | Temple   | Entered the Ecumenical Temple
  4937 | D:5      | Noticed a centaur
  4953 | D:5      | Identified the ring "Epimnuegg" {rElec Will- Str+6 Int+4
                  | Stlth+}
  5052 | D:5      | Killed a centaur
  5053 | D:5      | Reached skill level 1 in Fighting
  5053 | D:5      | Reached skill level 1 in Armour
  5053 | D:5      | Reached XP level 6. HP: 26/43 MP: 9/9
  5303 | D:5      | Noticed an ogre
  5328 | D:5      | Noticed an ogre
  5770 | D:5      | Found a snail-covered altar of Cheibriados.
  5770 | D:5      | Found a glowing silver altar of Zin.
  5936 | D:6      | Noticed an orc warrior
  6010 | D:5      | Reached XP level 7. HP: 23/49 MP: 4/12
  6283 | D:6      | Noticed a water moccasin
  6292 | D:6      | Reached skill level 5 in Spellcasting
  6297 | D:6      | Killed a water moccasin
  6456 | D:6      | Reached XP level 8. HP: 50/56 MP: 5/17
  7825 | D:7      | Identified a scroll of acquirement
  7826 | D:7      | Acquired the +6 longbow of Honour {venom, rC+ Will+}
  8118 | D:7      | Found a transporter.
  8144 | D:7      | Noticed an oklob plant
  8167 | D:7      | Noticed a purple ugly thing
  8370 | D:7      | Reached XP level 9. HP: 65/65 MP: 19/19
  8507 | D:7      | Noticed Ablot's ghost (novice GnCK)
  8522 | D:7      | Identified the +2 robe of a treasure trove {rPois Str+3}
  8523 | D:7      | Found a transporter.
  9268 | D:8      | Reached skill level 5 in Fighting
  9268 | D:8      | Reached skill level 5 in Armour
  9268 | D:8      | Reached skill level 1 in Shields
  9501 | D:8      | Noticed Erica
  9694 | D:8      | Found a basalt altar of Yredelemnul.
 10026 | D:8      | Noticed Maggie
 10038 | D:8      | Killed Maggie
 10039 | D:8      | Reached XP level 10. HP: 74/74 MP: 4/20
 10181 | D:8      | Reached skill level 5 in Dodging
 10181 | D:8      | Reached skill level 5 in Shields
 10289 | D:8      | Noticed a gargoyle
 10442 | D:8      | Found a staircase to the Lair.
 10458 | D:8      | Noticed Harold
 10468 | D:8      | Slain by Harold

Illustrated notes

Levels and vault maps discovered:
D:1:      minmay_arrival_hallway, layout_basic, ebering_ecumenical_altar_webs,
          minmay_misc_feat_pillars
D:2:      layout_basic, basic_altar
D:3:      layout_basic, nicolae_qazlal_scattered_showers,
          mainiacjoe_overflow_alcove_1, uniq_grinder
D:4:      layout_basic, temple_hall, uniq_blork_the_orc
D:5:      minmay_evil_eye, layout_layer_cave, minitemple, grunt_ministairs_2,
          hangedman_decor_points, kennysheep_cross_bottleneck, minmay_between,
          uniq_edmund
D:6:      layout_layer_cave
D:7:      layout_basic, nzn_ghost_randoct
D:8:      layout_basic, yredelemnul_altar_generic, jmf_multi_god_temple,
          minmay_lair_entry_grove, nicolae_concentric_dashed_squares_mild,
          kennysheep_generic_room_15, uniq_maggie, uniq_harold, uniq_erica
Temple:   regret_index_temple_generic_petals

Skill      XL: |  1  2  3  4  5  6  7  8  9 10 |
---------------+-------------------------------+-----
Conjurations   | 4 5 6 |  6.0
Fighting       | 1 2 3 5 |  5.0
Armour         | 1 2 4 6 7 |  7.6
Spellcasting   | 3 6 7 |  7.0
Dodging        | 3 4 5 |  5.6
Shields        | 4 6 |  6.1
Stealth        | |  2.4

Action                   |  1- 3 |  4- 6 |  7- 9 | 10-12 || total
-------------------------+-------+-------+-------+-------++-------
Melee: Short sword       |    10 |    30 |       |       ||    40
       Dagger            |     1 |       |       |       ||     1
       Scimitar          |       |       |     7 |       ||     7
 Fire: Shortbow          |       |       |     9 |       ||     9
       Longbow           |       |       |    37 |    20 ||    57
 Cast: Magic Dart        |    43 |    82 |     9 |       ||   134
       Searing Ray       |     5 |    14 |    48 |     8 ||    75
Invok: Renounce Religion |       |     1 |       |       ||     1
 Abil: Shaft Self        |       |     1 |       |       ||     1
       Dig               |       |     1 |     1 |       ||     2
  Use: Scroll            |       |     1 |     9 |       ||    10
 Stab: Sleeping          |     1 |     3 |       |       ||     4
Armor: Robe              |     3 |    17 |    10 |       ||    30
       Steam dragon scal |       |       |    36 |     9 ||    45
Dodge: Dodged            |     6 |    45 |    94 |    21 ||   166
